TOP OF THE 1ST |
Erie SeaWolves batting - Pitching for Bowie Baysox : RHP Cody Calderon
|
Pitching: RHP Cody Calderon
|
|
Batting: RHB Eric Angelle
|
0-0: Foul Ball, location: 2F 0-1: Foul Ball, location: 2F 0-2: Ball 1-2: Ball 2-2: Strikes out swinging
|
Batting: RHB Carlos Armenteros
|
0-0: Ball 1-0: Ball 2-0: Foul Ball, location: 2F 2-1: Called Strike 2-2: Ball 3-2: Foul Ball, location: 2F 3-2: Foul Ball, location: 2F 3-2: Strikes out swinging
|
Batting: RHB John Evancho
|
0-0: Called Strike 0-1: Foul Ball, location: 2F 0-2: Ball 1-2: Ball 2-2: TRIPLE (Line Drive, 89XD, EV 108.8 MPH)
|
Batting: RHB Adam MacConnell
|
0-0: Ball 1-0: Ball 2-0: Ball 3-0: Called Strike 3-1: Called Strike 3-2: Foul Ball, location: 2F 3-2: Base on Balls
|
Batting: LHB Nick Nino
|
0-0: Ball 1-0: Called Strike 1-1: Foul Ball, location: 2F 1-2: Ball 2-2: Ball 3-2: SINGLE (Groundball, 6D, EV 98.1 MPH) John Evancho scores Adam MacConnell to second Adam MacConnell to third
|
Batting: RHB Tanner Purchase
|
0-0: Called Strike 0-1: Ball 1-1: Ball 2-1: SINGLE (Groundball, 6S, EV 67.5 MPH) (infield hit) Adam MacConnell scores Nick Nino to second
|
Batting: RHB Jose Evangelista
|
0-0: Ball 1-0: Foul Ball, location: 2F 1-1: Swinging Strike 1-2: Foul Ball, location: 2F 1-2: Ball 2-2: Fielders Choice at 2nd, 6-4 (Groundball, 6, EV 87.5 MPH)
|
Top of the 1st over - 2 runs, 3 hits, 0 errors, 2 left on base; Erie 2 - Bowie 0 |
BOTTOM OF THE 1ST |
Bowie Baysox batting - Pitching for Erie SeaWolves : LHP Ben Saunders
|
Pitching: LHP Ben Saunders
|
|
Batting: RHB Travis Leonard
|
0-0: Ground out 6-3 (Groundball, 4MS, EV 72.5 MPH)
|
Batting: RHB Mike Pitts
|
0-0: Ball 1-0: Swinging Strike 1-1: Ball 2-1: Ball 3-1: Base on Balls
|
Batting: RHB John Gray
|
0-0: Ball 1-0: Swinging Strike 1-1: Swinging Strike 1-2: Ball 2-2: Ball 3-2: Foul Ball, location: 2F 3-2: Base on Balls Mike Pitts to second
|
Batting: RHB Jeremy Sipe
|
0-0: Called Strike 0-1: Ball 1-1: Ball 2-1: Swinging Strike 2-2: Ground out 4-3 (Groundball, 4M, EV 99.4 MPH) Mike Pitts to third John Gray to second
|
Batting: LHB Justin Moore
|
0-0: Ball 1-0: Single, Error in OF, E7, batter to second base (Groundball, 5L, EV 97.5 MPH) Mike Pitts scores John Gray scores
|
Batting: RHB Ray Sims
|
0-0: Called Strike 0-1: Ball 1-1: Called Strike 1-2: Ball 2-2: Ground out 6-3 (Groundball, 6M, EV 85.6 MPH)
|
Bottom of the 1st over - 2 runs, 1 hit, 1 error, 1 left on base; Erie 2 - Bowie 2 |
TOP OF THE 2ND |
Erie SeaWolves batting - Pitching for Bowie Baysox : RHP Cody Calderon
|
Batting: RHB Willie Ochoa
|
0-0: Ball 1-0: Ground out U3 (Groundball, 34S, EV 80.6 MPH)
|
Batting: RHB Mike Sebastian
|
0-0: Called Strike 0-1: Ball 1-1: Called Strike 1-2: Strikes out swinging
|
Batting: RHB Eric Angelle
|
0-0: Called Strike 0-1: Foul Ball, location: 2F 0-2: Foul Ball, location: 2F 0-2: Ball 1-2: Ball 2-2: Ball 3-2: Foul Ball, location: 2F 3-2: Strikes out looking
|
Top of the 2nd over - 0 runs, 0 hits, 0 errors, 0 left on base; Erie 2 - Bowie 2 |
BOTTOM OF THE 2ND |
Bowie Baysox batting - Pitching for Erie SeaWolves : LHP Ben Saunders
|
Batting: RHB Ken Jenkins
|
0-0: Called Strike 0-1: Swinging Strike 0-2: Ground out 4-3 (Groundball, 4, EV 109.4 MPH)
|
Batting: RHB Antonio Gamez
|
0-0: Ball 1-0: Ball 2-0: Called Strike 2-1: Ball 3-1: Foul Ball, location: 2F 3-2: Strikes out swinging
|
Batting: LHB Andrew Erens
|
0-0: Ground out 6-3 (Groundball, 6, EV 83.8 MPH)
|
Bottom of the 2nd over - 0 runs, 0 hits, 0 errors, 0 left on base; Erie 2 - Bowie 2 |
TOP OF THE 3RD |
Erie SeaWolves batting - Pitching for Bowie Baysox : RHP Cody Calderon
|
Batting: RHB Carlos Armenteros
|
0-0: Called Strike 0-1: Ball 1-1: Swinging Strike 1-2: Ground out 6-3 (Groundball, 56, EV 89.4 MPH)
|
Batting: RHB John Evancho
|
0-0: Foul Ball, location: 2F 0-1: Ground out 4-3 (Groundball, 4, EV 88.1 MPH)
|
Batting: RHB Adam MacConnell
|
0-0: Foul Ball, location: 2F 0-1: Ball 1-1: Swinging Strike 1-2: Fly out, F4 (Popup, 3S, EV 81.2 MPH)
|
Top of the 3rd over - 0 runs, 0 hits, 0 errors, 0 left on base; Erie 2 - Bowie 2 |
BOTTOM OF THE 3RD |
Bowie Baysox batting - Pitching for Erie SeaWolves : LHP Ben Saunders
|
Batting: RHB Travis Leonard
|
0-0: Called Strike 0-1: Ball 1-1: Called Strike 1-2: Ball 2-2: Ball 3-2: Ground out 5-3 (Groundball, 56S, EV 64.4 MPH)
|
Batting: RHB Mike Pitts
|
0-0: Ground out U3 (Groundball, 34S, EV 80.6 MPH)
|
Batting: RHB John Gray
|
0-0: Fly out, F8 (Line Drive, 8LD, EV 106.2 MPH)
|
Bottom of the 3rd over - 0 runs, 0 hits, 0 errors, 0 left on base; Erie 2 - Bowie 2 |
TOP OF THE 4TH |
Erie SeaWolves batting - Pitching for Bowie Baysox : RHP Cody Calderon
|
Batting: LHB Nick Nino
|
0-0: Called Strike 0-1: Ball 1-1: SINGLE (Groundball, 6S, EV 63.1 MPH) (infield hit)
|
Batting: RHB Tanner Purchase
|
0-0: Called Strike 0-1: Ball 1-1: Called Strike 1-2: Ball 2-2: Ball 3-2: Base on Balls Nick Nino to second
|
Batting: RHB Jose Evangelista
|
0-0: Grounds into double play, 4-6-3 (Groundball, 4, EV 83.8 MPH) Nick Nino to third
|
Batting: RHB Willie Ochoa
|
0-0: Ball 1-0: Foul Ball, location: 2F 1-1: Ball 2-1: Swinging Strike 2-2: Ball 3-2: Strikes out swinging
|
Top of the 4th over - 0 runs, 1 hit, 0 errors, 1 left on base; Erie 2 - Bowie 2 |
BOTTOM OF THE 4TH |
Bowie Baysox batting - Pitching for Erie SeaWolves : LHP Ben Saunders
|
Batting: RHB Jeremy Sipe
|
0-0: Ball 1-0: Swinging Strike 1-1: Called Strike 1-2: Ball 2-2: Fly out, F8 (Flyball, 8LXD, EV 101.2 MPH)
|
Batting: LHB Justin Moore
|
0-0: Called Strike 0-1: Called Strike 0-2: Ball 1-2: Foul Ball, location: 2F 1-2: Strikes out looking
|
Batting: RHB Ray Sims
|
0-0: Ball 1-0: Reached on error, E5 (Groundball, 56, EV 108.8 MPH)
|
Batting: RHB Ken Jenkins
|
0-0: Fielders Choice at 2nd, 5-4 (Groundball, 5, EV 90.0 MPH)
|
Bottom of the 4th over - 0 runs, 0 hits, 1 error, 1 left on base; Erie 2 - Bowie 2 |
TOP OF THE 5TH |
Erie SeaWolves batting - Pitching for Bowie Baysox : RHP Cody Calderon
|
Batting: RHB Mike Sebastian
|
0-0: Called Strike 0-1: Ball 1-1: Called Strike 1-2: Fly out, F6 (Line Drive, 6M, EV 65.6 MPH)
|
Batting: RHB Eric Angelle
|
0-0: SINGLE (Groundball, 56D, EV 95.6 MPH)
|
Batting: RHB Carlos Armenteros
|
0-0: Called Strike 0-1: Ball 1-1: Fielders Choice at 2nd, 4-6 (Groundball, 4D, EV 105.6 MPH)
|
Batting: RHB John Evancho
|
0-0: Ball 1-0: Foul Ball, location: 2F 1-1: Fielders Choice at 2nd, 6-4 (Groundball, 6, EV 83.1 MPH)
|
Top of the 5th over - 0 runs, 1 hit, 0 errors, 1 left on base; Erie 2 - Bowie 2 |
BOTTOM OF THE 5TH |
Bowie Baysox batting - Pitching for Erie SeaWolves : LHP Ben Saunders
|
Batting: RHB Antonio Gamez
|
0-0: Called Strike 0-1: Ball 1-1: Ball 2-1: Foul Ball, location: 2F 2-2: Strikes out looking
|
Batting: LHB Andrew Erens
|
0-0: Called Strike 0-1: Ball 1-1: Ball 2-1: Fly out, F9 (Flyball, 89M, EV 98.8 MPH)
|
Batting: RHB Travis Leonard
|
0-0: Ground out 5-3 (Groundball, 56, EV 100.6 MPH)
|
Bottom of the 5th over - 0 runs, 0 hits, 0 errors, 0 left on base; Erie 2 - Bowie 2 |
TOP OF THE 6TH |
Erie SeaWolves batting - Pitching for Bowie Baysox : RHP Cody Calderon
|
Batting: RHB Adam MacConnell
|
0-0: Called Strike 0-1: Foul Ball, location: 2F 0-2: Ground out 1-3 (Groundball, 34S, EV 75.0 MPH)
|
Batting: LHB Nick Nino
|
0-0: Called Strike 0-1: Ball 1-1: Ball 2-1: Called Strike 2-2: Ground out U3 (Groundball, 34, EV 105.0 MPH)
|
Batting: RHB Tanner Purchase
|
0-0: Called Strike 0-1: Swinging Strike 0-2: SINGLE (Groundball, 5D, EV 109.4 MPH)
|
Pitching: RHP Josh Blankenship
|
|
Batting: RHB Jose Evangelista
|
0-0: Called Strike Tanner Purchase steals 2nd base (no throw) 0-1: Ball Wild Pitch! Tanner Purchase to third 1-1: Ball 2-1: DOUBLE (Flyball, 8RD, EV 94.4 MPH) Tanner Purchase scores
|
Batting: RHB Willie Ochoa
|
0-0: Ball 1-0: Fly out, F6 (Popup, 6M, EV 60.6 MPH)
|
Top of the 6th over - 1 run, 2 hits, 0 errors, 1 left on base; Erie 3 - Bowie 2 |
BOTTOM OF THE 6TH |
Bowie Baysox batting - Pitching for Erie SeaWolves : LHP Ben Saunders
|
Batting: RHB Mike Pitts
|
0-0: Ball 1-0: Fly out, F8 (Flyball, 89D, EV 83.8 MPH)
|
Batting: RHB John Gray
|
0-0: Ball 1-0: SINGLE (Line Drive, 7S, EV 92.5 MPH)
|
Batting: RHB Jeremy Sipe
|
0-0: Ball 1-0: Foul Ball, location: 2F 1-1: Ball 2-1: Foul Ball, location: 2F 2-2: DOUBLE (Line Drive, 9LS, EV 101.2 MPH) John Gray to third
|
Batting: RHB Andy Chess
|
0-0: Swinging Strike 0-1: Ball 1-1: Called Strike 1-2: Ball 2-2: Ball 3-2: 3-RUN HOME RUN (Flyball, 7D, EV 96.9 MPH), Distance : 383 ft
|
Pitching: RHP Juan Cornejo
|
|
Batting: RHB Ray Sims
|
0-0: Fly out, F9 (Flyball, 9LM, EV 91.9 MPH)
|
Batting: RHB Ken Jenkins
|
0-0: Ball 1-0: Swinging Strike 1-1: Swinging Strike 1-2: Ball 2-2: Strikes out looking
|
Bottom of the 6th over - 3 runs, 3 hits, 0 errors, 0 left on base; Erie 3 - Bowie 5 |
TOP OF THE 7TH |
Erie SeaWolves batting - Pitching for Bowie Baysox : RHP Josh Blankenship
|
Batting: RHB Mike Sebastian
|
0-0: Foul Ball, location: 2F 0-1: Foul Ball, location: 2F 0-2: Ball 1-2: Fly out, F8 (Flyball, 8RD, EV 95.6 MPH)
|
Batting: RHB Eric Angelle
|
0-0: Called Strike 0-1: Ball 1-1: Ball 2-1: Called Strike 2-2: Ball 3-2: SINGLE (Groundball, 6D, EV 103.8 MPH)
|
Batting: RHB Carlos Armenteros
|
0-0: Called Strike 0-1: Called Strike 0-2: Foul Ball, location: 2F 0-2: Ground out 4-3 (Groundball, 34, EV 86.2 MPH) Eric Angelle to second
|
Batting: RHB John Evancho
|
0-0: Ball 1-0: Ball 2-0: Called Strike 2-1: Swinging Strike 2-2: Ground out U3 (Groundball, 34S, EV 76.2 MPH)
|
Top of the 7th over - 0 runs, 1 hit, 0 errors, 1 left on base; Erie 3 - Bowie 5 |
BOTTOM OF THE 7TH |
Bowie Baysox batting - Pitching for Erie SeaWolves : RHP Juan Cornejo
|
Batting: RHB Antonio Gamez
|
0-0: Ball 1-0: Fly out, F6 (Popup, 6MD, EV 51.2 MPH)
|
Batting: LHB Andrew Erens
|
0-0: Foul Ball, location: 2F 0-1: Ball 1-1: Foul Ball, location: 2F 1-2: Foul Ball, location: 2F 1-2: Ball 2-2: DOUBLE (Flyball, 8RXD, EV 90.0 MPH)
|
Batting: RHB Travis Leonard
|
0-0: Intentional Walk
|
Batting: RHB Mike Pitts
|
0-0: SINGLE (Line Drive, 4D, EV 95.0 MPH) Andrew Erens to third Travis Leonard to second
|
Batting: RHB John Gray
|
0-0: Ball 1-0: Foul Ball, location: 2F 1-1: Ball 2-1: Foul Ball, location: 2F 2-2: SINGLE (Line Drive, 56, EV 98.1 MPH) Andrew Erens scores Travis Leonard to third Mike Pitts to second
|
Batting: RHB Jeremy Sipe
|
0-0: Foul Ball, location: 2F 0-1: Ball 1-1: Foul Ball, location: 2F 1-2: Foul Ball, location: 2F 1-2: Strikes out swinging
|
Batting: RHB Andy Chess
|
0-0: Ball 1-0: Ball 2-0: Foul Ball, location: 2F 2-1: SINGLE (Flyball, 7LS, EV 89.4 MPH) Travis Leonard scores Mike Pitts to third John Gray to second Runner from 3rd tries for Home, throw by LF and OUT! 7-2
|
Bottom of the 7th over - 2 runs, 4 hits, 0 errors, 2 left on base; Erie 3 - Bowie 7 |
TOP OF THE 8TH |
Erie SeaWolves batting - Pitching for Bowie Baysox : RHP Josh Blankenship
|
Batting: RHB Adam MacConnell
|
0-0: Ball 1-0: Foul Ball, location: 2F 1-1: Foul Ball, location: 2F 1-2: Foul Ball, location: 2F 1-2: Foul Ball, location: 2F 1-2: Foul Ball, location: 2F 1-2: Strikes out swinging
|
Batting: LHB Nick Nino
|
0-0: Called Strike 0-1: Swinging Strike 0-2: Ball 1-2: Ball 2-2: Ball 3-2: Ground out 4-3 (Groundball, 4, EV 85.6 MPH)
|
Batting: RHB Tanner Purchase
|
0-0: Ball 1-0: Ball 2-0: Ground out 4-3 (Groundball, 4M, EV 101.9 MPH)
|
Top of the 8th over - 0 runs, 0 hits, 0 errors, 0 left on base; Erie 3 - Bowie 7 |
BOTTOM OF THE 8TH |
Bowie Baysox batting - Pitching for Erie SeaWolves : RHP Juan Cornejo
|
Pitching: RHP Eddie Hodgson
|
|
Batting: RHB Ray Sims
|
0-0: Called Strike 0-1: Ball 1-1: Ball 2-1: Ball 3-1: Fly out, F8 (Flyball, 8RM, EV 91.9 MPH)
|
Batting: RHB Ken Jenkins
|
0-0: Ground out U3 (Groundball, 3, EV 89.4 MPH)
|
Batting: RHB Antonio Gamez
|
0-0: Ball 1-0: Foul Ball, location: 2F 1-1: Foul Ball, location: 2F 1-2: Fly out, F7 (Flyball, 7, EV 82.5 MPH)
|
Bottom of the 8th over - 0 runs, 0 hits, 0 errors, 0 left on base; Erie 3 - Bowie 7 |
TOP OF THE 9TH |
Erie SeaWolves batting - Pitching for Bowie Baysox : RHP Josh Blankenship
|
Pitching: RHP Jon Grason
|
|
Batting: RHB Jose Evangelista
|
0-0: Called Strike 0-1: Ball 1-1: Called Strike 1-2: Strikes out swinging
|
Batting: RHB Willie Ochoa
|
0-0: Ball 1-0: Foul Ball, location: 2F 1-1: SINGLE (Line Drive, 4M, EV 96.2 MPH)
|
Batting: RHB Mike Sebastian
|
0-0: Ball 1-0: Foul Ball, location: 2F 1-1: SINGLE (Groundball, 34, EV 102.5 MPH) Willie Ochoa to second
|
Pitching: RHP Manny Rolfe
|
|
Batting: RHB Eric Angelle
|
0-0: Ball 1-0: Swinging Strike 1-1: Ball 2-1: Ball 3-1: Base on Balls Willie Ochoa to third Mike Sebastian to second
|
Batting: RHB Carlos Armenteros
|
0-0: SINGLE (Flyball, 7LS, EV 94.4 MPH) Willie Ochoa scores Mike Sebastian to third Eric Angelle to second
|
Batting: RHB John Evancho
|
0-0: Ball 1-0: Called Strike 1-1: Ball 2-1: Swinging Strike 2-2: Grounds into double play, 4-6-3 (Groundball, 4, EV 97.5 MPH)
|
Top of the 9th over - 1 run, 3 hits, 0 errors, 2 left on base; Erie 4 - Bowie 7 |
|